 Dungeon Crawl Stone Soup version 0.17-a0-1655-g88a8506 (webtiles) character file.

3828 karlkraus the Blocker (level 9, -4/81 HPs)
             Began as a Minotaur Fighter on Aug 15, 2015.
             Was a Priest of Makhleb.
             Killed from afar by an electric eel (10 damage)
             ... with a bolt of electricity
             ... on level 11 of the Dungeon.
             The game lasted 00:17:38 (5570 turns).

karlkraus the Blocker (Minotaur Fighter)            Turns: 5570, Time: 00:17:38

Health: -4/81      AC: 14    Str: 23    XL:     9   Next: 97%
Magic:  8/8        EV: 11    Int:  5    God:    Makhleb [***...]
Gold:   442        SH: 14    Dex: 23    Spells: 0 memorised, 8 levels left

rFire  . . .     SeeInvis .     a - +1 flail
rCold  . . .     Clarity  +     q - +0 chain mail
rNeg   . . .     SustAt   .     c - +1 shield
rPois  +         Gourm    .     (helmet restricted)
rElec  .         Spirit   .     H - +2 cloak
rCorr  .         Warding  .     (no gloves)
rMut   .         Stasis   .     (no boots)
MR     +....                    p - amulet of clarity
Stlth  ..........               w - +6 ring of dexterity
                                t - ring of poison resistance

@: somewhat resistant to hostile enchantments, extremely unstealthy
A: retaliatory headbutt, horns 2, thin skeletal structure 1, agile 1, magic
resistance 1, poison resistance, strong 1
a: Minor Destruction, Lesser Servant of Makhleb, Renounce Religion


You were on level 11 of the Dungeon.
You worshipped Makhleb.
Makhleb was most pleased with you.
You were near starving.

You visited 1 branch of the dungeon, and saw 9 of its levels.
You also visited: Sewer.

You collected 442 gold pieces.

Inventory:

Hand weapons
 a - a +1 flail (weapon)
Armour
 c - a +1 shield (worn)
 q - a +0 chain mail (worn)
 H - a +2 cloak (worn)
Jewellery
 p - an amulet of clarity (around neck)
 t - a ring of poison resistance (left hand)
 w - a +6 ring of dexterity (right hand)
 x - a cursed ring of teleportation {unknown}
 O - a +3 ring of strength
Magical devices
 s - a wand of slowing (37)
Scrolls
 g - a scroll of torment {unknown}
 h - a scroll of fear {unknown}
 i - 8 scrolls of remove curse
 k - a scroll of enchant weapon
 l - a scroll of teleportation
 n - a scroll of enchant armour
 r - a scroll of fog
 B - a scroll of acquirement {unknown}
 I - 2 scrolls of recharging {unknown}
 J - a scroll of immolation {unknown}
 N - 2 scrolls of amnesia
Potions
 b - a potion of lignification
 d - a potion of beneficial mutation
 f - a potion of ambrosia
 m - 2 potions of berserk rage
 o - 4 potions of flight
 z - 4 potions of curing
 A - a potion of degeneration {unknown}
 C - 2 potions of agility
 E - a potion of brilliance {unknown}
 G - 2 potions of cancellation {unknown}
 K - a potion of heal wounds
 L - a potion of poison {unknown}
Comestibles
 e - 10 bread rations
 j - a slice of pizza
 u - 3 fruits
 v - 4 meat rations
 D - 8 beef jerkies
 F - a royal jelly


   Skills:
 + Level 7.9 Fighting
 + Level 8.3 Maces & Flails
 + Level 8.8 Armour
 + Level 5.0 Dodging
 + Level 0.6 Stealth
 + Level 9.8 Shields


You had 8 spell levels left.
You didn't know any spells.

Dungeon Overview and Level Annotations

Branches:
Dungeon (11/15)            Temple (0/1) D:7
   Lair: D:8-11         Orc: D:9-12

Altars:
Dithmenos
Fedhas
Gozag
Makhleb
Nemelex Xobeh
Okawaru
Sif Muna
Zin

Annotations:
D:11 2 runed doors


Innate Abilities, Weirdness & Mutations

You reflexively headbutt those who attack you in melee.
You have a pair of horns on your head.
You have a somewhat thin skeletal structure (Dex +2, Stealth).
You are agile. (Dex +2)
You are resistant to hostile enchantments.
Your system is resistant to poisons.
Your muscles are strong. (Str +2)


Message History

The bolt of electricity misses the electric eel.
The bolt of electricity hits you!
The electric eel shoots out a bolt of lightning at you!
The bolt of electricity hits the electric eel.
The electric eel completely resists.
The bolt of electricity hits you!
The electric eel shoots out a bolt of lightning at you!
The bolt of electricity hits you!
* * * LOW HITPOINT WARNING * * *
The bolt of electricity hits you!
* * * LOW HITPOINT WARNING * * *
You hear a shout!
The electric eel shoots out a bolt of lightning at you!
The bolt of electricity hits you!
* * * LOW HITPOINT WARNING * * *
An ogre comes into view. It is wielding a giant spiked club.
The electric eel shoots out a bolt of lightning at you!
The bolt of electricity hits you!
* * * LOW HITPOINT WARNING * * *
The bolt of electricity hits you!
You die...

≈≈≈≈≈≈ +...+ ; ≈≈≈≈≈≈####≈.≈#
≈t≈ ≈≈≈≈≈≈≈≈≈≈≈.≈####;;≈
#...≈≈≈≈≈≈≈≈≈≈.≈;≈≈≈≈≈≈
#....................O.
#......................
#..............?.......
###......................
......#.#####.#.@######.. #
).......#####.##.# #####..#.
..............##.# #....)...
...##.#.########.# ###.#####.#
......#<# ####.###.........#
........# #.......<#.#######
......#######.##.##..#.####
.................<).......#
......#######.###########.....


You could see a crocodile (wandering), an ogre and 3 electric eels.

Vanquished Creatures
  A hill giant (D:10)
  Sigmund (D:6)
  A deep elf mage (D:10)
  The ghost of kae the Conjurer, an average TeFE of Vehumet (D:5)
  Eustachio (D:5)
  A hungry ghost (D:6)
  Duvessa (D:5)
  A water moccasin (D:6)
  A sky beast (D:10)
  A black bear (D:10)
  2 centaurs
  6 ogres
  Blork the orc (D:5)
  A big kobold (Sewer)
  3 giant frogs
  Dowan (D:5)
  A scorpion (D:5)
  7 wights (D:10)
  5 crimson imps
  3 orc priests
  2 orc wizards (D:4)
  A centaur skeleton (D:7)
  Natasha (thrice) (D:4)
  2 hounds
  2 iguanas
  5 worker ants
  A hound zombie (D:7)
  3 hound skeletons
  2 river rats
  4 adders
  3 gnolls (D:3)
  An adder zombie (D:6)
  An adder skeleton (D:4)
  2 worms
  6 giant geckos
  10 orcs
  5 giant cockroaches
  3 goblins
  4 hobgoblins
  10 jackals
  8 kobolds
  6 quokkas
  A ball python (D:1)
  5 bats
  6 giant newts
  A jackal skeleton (D:6)
  10 rats
147 creatures vanquished.

Notes
Turn   | Place    | Note
--------------------------------------------------------------
     0 | D:1      | karlkraus the Minotaur Fighter began the quest for the Orb.
     0 | D:1      | Reached XP level 1. HP: 19/19 MP: 0/0
   189 | D:1      | Reached XP level 2. HP: 12/27 MP: 1/1
   219 | D:1      | Reached skill level 4 in Armour
   745 | D:2      | Reached XP level 3. HP: 33/33 MP: 2/2
  1277 | D:2      | Found a glowing silver altar of Zin.
  1353 | D:3      | Reached XP level 4. HP: 37/40 MP: 3/3
  1398 | D:3      | Reached skill level 1 in Dodging
  1398 | D:3      | Reached skill level 5 in Shields
  1536 | D:3      | Found a sparkling altar of Nemelex Xobeh.
  1536 | D:3      | Found an opulent altar of Gozag.
  1538 | D:3      | Found an iron altar of Okawaru.
  1547 | D:3      | Found a shadowy altar of Dithmenos.
  1659 | D:3      | Found a blossoming altar of Fedhas.
  1872 | D:4      | Reached XP level 5. HP: 44/47 MP: 4/4
  1963 | D:4      | Found a burning altar of Makhleb.
  2118 | D:4      | Noticed Natasha
  2127 | D:4      | Killed Natasha
  2155 | D:4      | Noticed Natasha
  2164 | D:4      | Killed Natasha
  2441 | D:4      | Reached skill level 5 in Armour
  2442 | D:4      | Noticed Natasha
  2445 | D:4      | Reached XP level 6. HP: 38/55 MP: 5/5
  2466 | D:4      | Killed Natasha
  2761 | D:4      | Became a worshipper of Makhleb the Destroyer
  2786 | D:5      | Entered Level 5 of the Dungeon
  2813 | D:5      | Reached skill level 5 in Fighting
  2911 | D:5      | Noticed Blork the orc
  2916 | D:5      | Noticed Eustachio
  2960 | D:5      | Killed Eustachio
  2960 | D:5      | Reached skill level 6 in Armour
  2960 | D:5      | Reached XP level 7. HP: 21/61 MP: 6/6
  2974 | D:5      | Killed Blork the orc
  2997 | D:5      | Noticed kae's ghost (average TeFE)
  3009 | D:5      | Killed kae's ghost
  3191 | D:5      | Noticed Duvessa
  3203 | D:5      | Noticed Dowan
  3205 | D:5      | Killed Duvessa
  3212 | D:5      | Killed Dowan
  3234 | D:5      | Reached skill level 5 in Maces & Flails
  3332 | D:5      | Reached skill level 7 in Shields
  3332 | D:5      | Reached XP level 8. HP: 70/70 MP: 7/7
  3347 | D:5      | Found a deep blue altar of Sif Muna.
  3643 | D:6      | Acquired Makhleb's first power
  3689 | D:6      | Noticed Sigmund
  3704 | D:6      | Killed Sigmund
  4052 | D:6      | Found a glowing drain.
  4065 | Sewer    | Entered a sewer
  4072 | Sewer    | Acquired Makhleb's second power
  4144 | Sewer    | Reached skill level 8 in Shields
  4168 | Sewer    | Found a glowing silver altar of Zin.
  4356 | D:7      | Found a staircase to the Ecumenical Temple.
  4540 | D:7      | Reached XP level 9. HP: 78/78 MP: 8/8
  4876 | D:7      | You fall through a shaft for 3 floors!
  4876 | D:10     | Entered Level 10 of the Dungeon
  4913 | D:10     | Gained mutation: You are agile. (Dex +2) [mutagenic meat]
  4914 | D:10     | Gained mutation: Your system is resistant to poisons. [mutagenic meat]
  4915 | D:10     | Gained mutation: You are resistant to hostile enchantments. [mutagenic meat]
  4916 | D:10     | Gained mutation: You have a somewhat thin skeletal structure (Dex +2, Stealth). [mutagenic meat]
  4917 | D:10     | Gained mutation: Your muscles are strong. (Str +2) [mutagenic meat]
  4931 | D:10     | Reached skill level 9 in Shields
  5039 | D:10     | Acquired Makhleb's third power
  5047 | D:10     | Found a deep blue altar of Sif Muna.
  5169 | D:10     | Noticed a hill giant
  5179 | D:10     | Killed a hill giant
  5511 | D:11     | Reached skill level 5 in Dodging
  5561 | D:11     | Found a runed door.
  5564 | D:11     | Found a runed door.
  5570 | D:11     | Killed from afar by an electric eel

Vault maps used:
D:1:      elethiomel_arrival_quiet, minmay_misc_feat_chi
D:2:      nicolae_overflow_hidden_temple
D:3:      nicolae_overflow_quartered_altars, overflow_temple_1_default,
          minmay_misc_feat_hallway, due_unseen_surprise
D:4:      kennysheep_little_box, uniq_natasha
D:5:      lemuel_blue_sif_altar, first_bread, kennysheep_generic_room_13,
          uniq_blork_the_orc, uniq_duvessa, uniq_eustachio
D:6:      gup_sewer_entry_bowl, uniq_sigmund
D:7:      temple_fountains, grunt_ogre_cave
D:10:     kennysheep_flooded_box
D:11:     lemuel_troll_bridge, serial_shops, nicolae_shop_statue_plus,
          uniq_gastronok
Sewer:    sewer_kobolds

Action                   |  1- 3 |  4- 6 |  7- 9 || total
-------------------------+-------+-------+-------++-------
Melee: Flail             |    77 |   116 |   286 ||   479
  Use: Scroll            |       |     7 |    14 ||    21
       Potion            |       |     2 |     4 ||     6
  Eat: Chunk             |       |     5 |    12 ||    17
       Fruit             |       |     1 |     2 ||     3
